 Dungeon Crawl Stone Soup version 0.32-a0-799-g95e1662365 (webtiles) character file.

Game seed: 1653839534726097746

2028 Darkkill the Shooter (level 9, -8/72 (79) HPs)
             Began as a Minotaur Hunter on Mar 21, 2024.
             Mangled by a wight
             ... wielding a +3 battleaxe of freezing
              (9 damage)
             ... on level 7 of the Dungeon.
             The game lasted 00:09:05 (5720 turns).

Darkkill the Shooter (Minotaur Hunter)              Turns: 5720, Time: 00:09:06

HP:   -8/72 (79)    AC: 11    Str: 16    XL:     9   Next: 3%
MP:   8/8           EV: 14    Int:  6    God:
Gold: 267           SH:  0    Dex: 18    Spells: 8/8 levels left

rFire   . . .        a - +0 shortbow
rCold   . . .        (shield currently unavailable)
rNeg    . . .        c - +1 leather armour
rPois   +            (helmet restricted)
rElec   .            l - +1 cloak
rCorr   .            o - +0 pair of gloves
SInv    .            (no boots)
Will    .....        (no amulet)
Stlth   +++          t - ring of poison resistance
HPRegen 0.32/turn    v - +4 ring of protection
MPRegen 0.11/turn

%: no passive effects
@: drained
A: horns 2, retaliatory headbutt
a: no special abilities


You were on level 7 of the Dungeon.
You visited 1 branch of the dungeon, and saw 7 of its levels.

You collected 379 gold pieces.
You spent 112 gold pieces at shops.

Inventory:

Hand Weapons
 a - a +0 shortbow (weapon)
 b - a +0 scythe of flaming
Missiles
 d - 11 poisoned darts
 g - 64 stones
 k - 11 boomerangs
 r - 5 curare-tipped darts {=f !f}
 A - 2 throwing nets {=f !f}
Armour
 c - a +1 leather armour (worn)
 l - a +1 cloak (worn)
 o - a +0 pair of gloves (worn)
Jewellery
 t - a ring of poison resistance (left hand)
 v - a +4 ring of protection (right hand)
 y - a ring of protection from fire
Wands
 j - a wand of light (1)
 w - a wand of flame (8)
Scrolls
 m - 2 scrolls of vulnerability
 n - a scroll of amnesia {unknown}
 q - a scroll of immolation
 z - a scroll of silence {unknown}
 B - a scroll of enchant weapon
Potions
 e - 2 potions of enlightenment
 f - 2 potions of curing {@q1}
 h - 2 potions of cancellation
 i - 5 potions of brilliance
 p - a potion of ambrosia {unknown}
 s - 2 potions of might {unknown}
 u - a potion of mutation {unknown}


   Skills:
 + Level 7.5 Fighting
 + Level 7.8 Ranged Weapons
 + Level 6.8 Dodging
 + Level 5.3 Stealth


You had 8 spell levels left.
You didn't know any spells.
Your spell library was empty.

Dungeon Overview and Level Annotations

Branches:
Dungeon (7/15)
 Temple: D:4-7

Altars:
Dithmenos
Okawaru
Qazlal
Sif Muna
Trog
Vehumet

Shops:
D:1 :   D:5 !   D:6 ([[*

Annotations:
D:4 2 transporters, LobsterGuardian's ghost, novice DjBr


Innate Abilities, Weirdness & Mutations

You have a pair of horns on your head.
You reflexively headbutt those who attack you in melee.


Message History

The wight freezes your butterfly.
Your butterfly dies!
Your butterfly disappears in a burst of colours!
The wight completely misses your butterfly.
The wight hits your butterfly with a +4 hand axe!
Your butterfly dies!
Your butterfly disappears in a burst of colours!
The wight barely misses your butterfly.
The wight completely misses your butterfly.
The wight barely misses your butterfly.
The wight closely misses your butterfly.
The wight hits your butterfly with a +4 hand axe!
Your butterfly dies!
Your butterfly disappears in a burst of colours!
The wight misses your butterfly.
The wight hits your butterfly with a +3 battleaxe of freezing!
The wight freezes your butterfly.
Your butterfly dies!
Your butterfly disappears in a burst of colours!
The wight misses your butterfly.
You swap places.
The wight hits your butterfly with a +0 scimitar!
Your butterfly dies!
Your butterfly disappears in a burst of colours!
The wight completely misses your butterfly.
The wight hits your butterfly with a +3 battleaxe of freezing!!
The wight freezes your butterfly.
Your butterfly dies!
Your butterfly disappears in a burst of colours!
The wight hits your butterfly with a +3 battleaxe of freezing.
The wight freezes your butterfly.
Your butterfly dies!
Your butterfly disappears in a burst of colours!
You shoot an arrow.
The arrow hits the wight but does no damage.
The wight is almost destroyed.
The wight hits your butterfly with a +0 scimitar.
Your butterfly dies!
Your butterfly disappears in a burst of colours!
The wight completely misses you.
The wight hits your butterfly with a +4 hand axe!
Your butterfly dies!
Your butterfly disappears in a burst of colours!
The wight completely misses your butterfly.
The wight misses your butterfly.
The wight hits your butterfly with a +4 hand axe!
Your butterfly dies!
Your butterfly disappears in a burst of colours!
The wight closely misses your butterfly.
The wight hits your butterfly with a +4 hand axe!
Your butterfly dies!
Your butterfly disappears in a burst of colours!
The wight completely misses your butterfly.
The wight hits you but does no damage.
The wight hits your butterfly with a +4 hand axe!
Your butterfly dies!
Your butterfly disappears in a burst of colours!
The wight closely misses your butterfly.
The wight hits your butterfly with a +4 hand axe!
Your butterfly dies!
Your butterfly disappears in a burst of colours!
The wight completely misses your butterfly.
The wight hits your butterfly with a +4 scimitar!
Your butterfly dies!
Your butterfly disappears in a burst of colours!
The wight completely misses you.
The wight hits your butterfly with a +4 hand axe.
Your butterfly dies!
Your butterfly disappears in a burst of colours!
You shoot an arrow.
The arrow hits the wight but does no damage.
The wight is almost destroyed.
The wight hits you but does no damage.
The wight hits your butterfly with a +4 hand axe.
Your butterfly dies!
Your butterfly disappears in a burst of colours!
The wight barely misses your butterfly.
The wight hits your butterfly with a +4 hand axe!
Your butterfly dies!
Your butterfly disappears in a burst of colours!
The wight barely misses you. You furiously retaliate!
You headbutt the wight, but do no damage.
You shoot an arrow. The arrow hits the wight.
You destroy the wight!
The wight hits your butterfly with a +4 dagger of freezing!
The wight freezes your butterfly.
Your butterfly dies!
Your butterfly disappears in a burst of colours!
The wight hits you with a +3 battleaxe of freezing!
* * * LOW HITPOINT WARNING * * *
You feel drained.
* * * LOW HITPOINT WARNING * * *
The wight freezes you.
* * * LOW HITPOINT WARNING * * *
The wight hits you with a +4 dagger of freezing.
* * * LOW HITPOINT WARNING * * *
The wight freezes you.
* * * LOW HITPOINT WARNING * * *
The wight hits you with a +3 battleaxe of freezing!
You die...

... #.. ..# . ..# .#
..##.##.###
#########...........#
##...##..z.b.b.......#
##........z...........## .
#.....b..z@z............ .
#......bbbbbb.........#####
#.....b..b.b...............
##......bbb.####.......#..#
##...##b..#b..............
#####....................
#....................
#.......##...........
#.....#####..........


You could see 4 wights.

Vanquished Creatures
  Sigmund (D:3)
  Edmund (D:4)
  A water moccasin (D:3)
  Pargi (D:3)
  An orc warrior (D:5)
  An ogre (D:6)
  A centaur (D:5)
  Blork the orc (D:5)
  2 gnoll sergeants (D:5)
  A scorpion (D:5)
  A wight (D:7)
  2 jellies
  2 bombardier beetles
  A gnoll bouda (D:6)
  4 orc priests
  5 hounds
  2 sleepcaps
  Jessica (D:3)
  Ijyb (D:3)
  3 orc wizards (D:5)
  17 gnolls
  7 adders
  2 shadow imps
  A white imp (D:7)
  2 ufetubi (D:6)
  A ribbon worm (D:4)
  5 dart slugs
  27 orcs
  9 ball pythons
  4 endoplasms
  4 giant cockroaches
  5 goblins
  6 hobgoblins
  7 jackals (D:4)
  A quokka (D:5)
  4 bats
  A frilled lizard (D:1)
  4 kobolds
  3 rats
143 creatures vanquished.

Notes
Turn   | Place    | Note
-------+----------+-------------------------------------------
     0 | D:1      | Darkkill the Minotaur Hunter began the quest for the Orb.
     0 | D:1      | Reached XP level 1. HP: 18/18 MP: 0/0
   232 | D:1      | Reached skill level 1 in Stealth
   234 | D:1      | Reached XP level 2. HP: 21/25 MP: 1/1
   576 | D:1      | Found Ixitraji's Book Boutique.
   937 | D:2      | Reached XP level 3. HP: 31/31 MP: 2/2
  1434 | D:2      | Reached XP level 4. HP: 38/38 MP: 3/3
  1549 | D:3      | Noticed Pargi
  1549 | D:3      | Noticed Ijyb
  1556 | D:3      | Killed Pargi
  1557 | D:3      | Reached skill level 5 in Ranged Weapons
  1557 | D:3      | Reached XP level 5. HP: 46/46 MP: 4/4
  1567 | D:3      | Killed Ijyb
  1740 | D:3      | Noticed a water moccasin
  1748 | D:3      | Killed a water moccasin
  1749 | D:3      | Reached XP level 6. HP: 53/53 MP: 5/5
  1766 | D:3      | Found a radiant altar of Vehumet.
  1796 | D:3      | Found an iron altar of Okawaru.
  1911 | D:3      | Noticed Jessica
  1914 | D:3      | Killed Jessica
  2133 | D:3      | Found a bloodstained altar of Trog.
  2138 | D:3      | Noticed Sigmund
  2145 | D:3      | Killed Sigmund
  2146 | D:3      | Reached skill level 5 in Fighting
  2146 | D:3      | Reached XP level 7. HP: 40/61 MP: 6/6
  2513 | D:4      | Found a shadowy altar of Dithmenos.
  2657 | D:4      | Noticed Edmund
  2671 | D:4      | Killed Edmund
  2799 | D:4      | Found a transporter.
  2807 | D:4      | Noticed LobsterGuardian's ghost (novice DjBr)
  2829 | D:4      | Reached skill level 5 in Dodging
  2933 | D:4      | Found a transporter.
  3450 | D:5      | Entered Level 5 of the Dungeon
  3525 | D:5      | Reached XP level 8. HP: 58/70 MP: 7/7
  3783 | D:5      | Noticed Blork the orc
  3794 | D:5      | Killed Blork the orc
  3901 | D:5      | Found Xuck's Distillery.
  3918 | D:5      | HP: 13/71 [centaur/arrow (8)]
  3921 | D:5      | HP: 6/71 [centaur/arrow (4)]
  3932 | D:5      | HP: 12/71 [gnoll sergeant/+0 spear (6)]
  4708 | D:6      | Found a stormy altar of Qazlal.
  4774 | D:6      | Found Jysa's Armour Emporium.
  4813 | D:6      | Reached skill level 5 in Stealth
  4902 | D:6      | Found Gobrav's Antique Armour Shoppe.
  4949 | D:6      | Found Cioloesm's Antique Weapon Emporium.
  5445 | D:6      | Found a shimmering blue altar of Sif Muna.
  5529 | D:6      | Found Zaussua's General Store.
  5540 | D:6      | Bought a scroll of enchant weapon for 112 gold pieces
  5658 | D:7      | Reached XP level 9. HP: 79/79 MP: 8/8
  5719 | D:7      | HP: 12/70 [wight/+3 battleaxe of freezing (4)]
  5720 | D:7      | HP: 2/72 [wight/+4 dagger of freezing (6)]
  5720 | D:7      | Mangled by a wight

Illustrated notes

Levels and vault maps discovered:
D:1:      psy_arrival_radial02, layout_basic, serial_forest,
          infiniplex_forest_clump_curved, infiniplex_forest_clump_diagonal,
          infiniplex_forest_straight_2, infiniplex_forest_clump_small,
          infiniplex_forest_corner_1, infiniplex_forest_corner_1,
          infiniplex_forest_end_2, infiniplex_forest_lined_room_,
          infiniplex_forest_lined_room_2, serial_shops,
          nicolae_shop_pleasant_corner_grove, minmay_misc_feat_hallway,
          minmay_split_cup_small
D:2:      layout_basic
D:3:      layout_basic, mainiacjoe_overflow_brackets,
          mainiacjoe_overflow_two_lobes, uniq_jessica, uniq_pargi, uniq_sigmund,
          uniq_ijyb
D:4:      cheibrodos_old_hovel, layout_basic,
          nicolae_dithmenos_through_a_glass_darkly, gammafunk_ghost_arena,
          chequers_ossuary_entry_cave, st_stairs_10, uniq_edmund
D:5:      layout_cave_pools, serial_shops, nicolae_diamond_shop,
          nicolae_grassy_gnolls, uniq_blork_the_orc
D:6:      layout_basic, old_standard_altar, lemuel_round_altar, serial_shops,
          nicolae_shop_pleasant_corner_grove, nicolae_shop_hallway_plus, shop,
          nicolae_shop_temple_entry_statues_fountains
D:7:      layout_rooms, kennysheep_slug_shrine, minmay_temple_entry_slanted,
          serial_shops, kennysheep_mini, nicolae_shop_statue_plus, shop

Skill      XL: |  1  2  3  4  5  6  7  8 |
---------------+-------------------------+-----
Stealth        | 1 2 3 4 5 |  5.3
Fighting       | 3 4 5 6 7 |  7.5
Dodging        | 3 4 5 6 |  6.8
Ranged Weapons | 5 6 7 |  7.8

Action                     |  1- 3 |  4- 6 |  7- 9 || total
---------------------------+-------+-------+-------++-------
  Melee: Halberd           |       |       |     7 ||     7
         Headbutt          |       |       |     2 ||     2
         Shortbow          |       |       |     1 ||     1
   Fire: Shortbow          |    84 |    63 |   424 ||   571
  Evoke: Wand              |       |     1 |     6 ||     7
    Use: Scroll            |     7 |     2 |     6 ||    15
         Potion            |       |       |     2 ||     2
 Armour: Leather armour    |    26 |    15 |   191 ||   232
  Dodge: Dodged            |    26 |    18 |   186 ||   230

Table legend: (Time is in decaauts)
 A = Elapsed time spent in this place.
 B = Non-inter-level travel time spent in this place.
 C = Inter-level travel time spent in this place.
 D = Time resting spent in this place.
 E = Time spent auto-exploring this place.
 F = Levels seen in this place.
 G = Mean time per level.
                   A        B        C        D        E       F      G
               +--------+--------+--------+--------+--------+-----+--------+
         Total |   5780 |   5686 |     94 |      0 |   4639 |   7 |  825.7 |
       Dungeon |   5780 |   5686 |     94 |      0 |   4639 |   7 |  825.7 |
               +--------+--------+--------+--------+--------+-----+--------+

Top non-repeatable levels by time:
     D:5: 1091 daAuts
     D:6: 1078 daAuts
     D:4: 1020 daAuts
     D:3: 914 daAuts
     D:1: 882 daAuts
     D:2: 670 daAuts
     D:7: 123 daAuts

Levels and vault maps discovered:
D:1:      psy_arrival_radial02, layout_basic, serial_forest,
          infiniplex_forest_clump_curved, infiniplex_forest_clump_diagonal,
          infiniplex_forest_straight_2, infiniplex_forest_clump_small,
          infiniplex_forest_corner_1, infiniplex_forest_corner_1,
          infiniplex_forest_end_2, infiniplex_forest_lined_room_,
          infiniplex_forest_lined_room_2, serial_shops,
          nicolae_shop_pleasant_corner_grove, minmay_misc_feat_hallway,
          minmay_split_cup_small
D:2:      layout_basic
D:3:      layout_basic, mainiacjoe_overflow_brackets,
          mainiacjoe_overflow_two_lobes, uniq_jessica, uniq_pargi, uniq_sigmund,
          uniq_ijyb
D:4:      cheibrodos_old_hovel, layout_basic,
          nicolae_dithmenos_through_a_glass_darkly, gammafunk_ghost_arena,
          chequers_ossuary_entry_cave, st_stairs_10, uniq_edmund
D:5:      layout_cave_pools, serial_shops, nicolae_diamond_shop,
          nicolae_grassy_gnolls, uniq_blork_the_orc
D:6:      layout_basic, old_standard_altar, lemuel_round_altar, serial_shops,
          nicolae_shop_pleasant_corner_grove, nicolae_shop_hallway_plus, shop,
          nicolae_shop_temple_entry_statues_fountains
D:7:      layout_rooms, kennysheep_slug_shrine, minmay_temple_entry_slanted,
          serial_shops, kennysheep_mini, nicolae_shop_statue_plus, shop

Table legend: (Time is in decaauts)
 A = Elapsed time spent in this place.
 B = Non-inter-level travel time spent in this place.
 C = Inter-level travel time spent in this place.
 D = Time resting spent in this place.
 E = Time spent auto-exploring this place.
 F = Levels seen in this place.
 G = Mean time per level.
                   A        B        C        D        E       F      G
               +--------+--------+--------+--------+--------+-----+--------+
         Total |   5780 |   5686 |     94 |      0 |   4639 |   7 |  825.7 |
       Dungeon |   5780 |   5686 |     94 |      0 |   4639 |   7 |  825.7 |
               +--------+--------+--------+--------+--------+-----+--------+

Top non-repeatable levels by time:
     D:5: 1091 daAuts
     D:6: 1078 daAuts
     D:4: 1020 daAuts
     D:3: 914 daAuts
     D:1: 882 daAuts
     D:2: 670 daAuts
     D:7: 123 daAuts

Table legend:
 A = Kills in this place as a percentage of kills in the entire game.
 B = Kills by you in this place as a percentage of kills by you in the entire game.
 C = Kills by friends in this place as a percentage of kills by friends in the entire game.
 D = Other kills in this place as a percentage of other kills in the entire game.
 E = Experience gained in this place as a percentage of experience gained in the entire game.
 F = Experience gained in this place divided by the number of levels of this place that you have seen.
                   A       B       C       D       E      F
               +-------+-------+-------+-------+-------+----------------------
         Total | 100.0 | 100.0 |   N/A |   N/A | 100.0 | 414.0
       Dungeon | 100.0 | 100.0 |   N/A |   N/A | 100.0 | 414.0
               +-------+-------+-------+-------+-------+----------------------
